 Dungeon Crawl Stone Soup version bcrawl-1.21.3-2-g9d8a61a446 (webtiles) character file.

Game seed: 2953461472384263438

4974 Ashen the Stinger (level 10, -15/94 HPs)
             Began as an Oni Ice Elementalist on Apr 15, 2020.
             Was a Priest of Makhleb.
             Demolished by a two-headed ogre
             ... wielding a +0 giant club
              (21 damage)
             ... on level 8 of the Dungeon.
             The game lasted 00:21:48 (11390 turns).

Ashen the Stinger (Oni Ice Elementalist)           Turns: 11390, Time: 00:21:49

Health: -15/94     AC: 10    Str: 10 (11) XL:     10   Next: 53%
Magic:  24/24      EV: 15    Int: 17 (19) God:    Makhleb [***...]
Gold:   17         SH:  0    Dex: 12 (13) Spells: 17/23 levels left

rFire    . . .     SeeInvis .   d - +5 quick blade
rCold    + . .     Gourm    .   (no shield)
rNeg     + . .     Faith    .   s - +0 leather armour {rC+}
rPois    +         Spirit   .   (helmet restricted)
rElec    .         Reflect  .   n - +1 cloak {rPois}
rCorr    +         Harm     .   o - +0 pair of gloves
MR       .....                  (no boots)
Stlth    +++.......             (no amulet)
HPRegen  0.25/turn              y - ring of Propriety {Wiz +Blink rN+}
MPRegen  0.19/turn              A - ring of resist corrosion

@: no status effects
A: oni magic, claws 1, fangs 1, horns 1, iridescent scales 1, molten scales 1,
deterioration 1, high mp 1, robust 1
a: Minor Destruction, Lesser Servant of Makhleb, Renounce Religion, Evoke Blink


You were on level 8 of the Dungeon.
You worshipped Makhleb.
Makhleb was most pleased with you.
You were not hungry.

You visited 1 branch of the dungeon, and saw 8 of its levels.

You collected 526 gold pieces.
You spent 509 gold pieces at shops.

Inventory:

Hand Weapons
 d - a +5 quick blade (weapon)
 l - a +3 quarterstaff of chaos
 H - the +1 dire flail "Utoruadu" {freeze, Dex+5 SInv, unknown}
   (You found it on level 7 of the Dungeon)

   It has been specially enchanted to freeze those struck by it, causing extra
   injury to most foes and up to half again as much damage against particularly
   susceptible opponents.
   It can also slow down cold-blooded creatures.
   It affects your dexterity (+5).
   It lets you see invisible.
Armour
 n - a +1 cloak of poison resistance (worn)
 o - a +0 pair of gloves (worn)
 s - a +0 leather armour of cold resistance (worn)
Jewellery
 y - the ring of Propriety (left hand) {Wiz +Blink rN+}
   (You found it on level 6 of the Dungeon)

   [ring of wizardry]

   It improves your spell success rate.
   It protects you from negative energy.
   It lets you blink.
 A - a ring of resist corrosion (right hand)
 C - an uncursed ring of ice {unknown}
 E - an uncursed ring of fire
Wands
 c - a wand of iceblast (1)
 g - a wand of enslavement (8)
 q - a wand of polymorph (7)
Scrolls
 h - 3 scrolls of identify
 j - 3 scrolls of remove curse
 p - a scroll of blinking
 r - a scroll of amnesia {unknown}
 v - 2 scrolls of enchant weapon {unknown}
 w - a scroll of immolation
 B - 2 scrolls of fog
Potions
 a - 2 potions of lignification
 b - 3 potions of haste
 f - 4 potions of ambrosia {unknown}
 i - 4 potions of heal wounds
 k - a potion of agility {unknown}
 m - 2 potions of cancellation {unknown}
 t - a potion of might {unknown}
 u - 2 potions of degeneration
 x - a potion of flight {unknown}
 z - a potion of brilliance {unknown}
 F - a potion of resistance
 G - 2 potions of curing
Comestibles
 e - 12 rations {!d}


   Skills:
 + Level 7.0 Fighting
 + Level 1.2 Short Blades
 + Level 6.8 Dodging
 - Level 5.0 Stealth
 * Level 7.1 Spellcasting
   Level 7.1 Conjurations
   Level 7.1 Hexes
   Level 7.1 Charms
   Level 7.1 Summonings
   Level 7.1 Necromancy
   Level 7.1 Translocations
   Level 7.1 Transmutations
   Level 7.1 Fire Magic
   Level 7.1 Ice Magic
   Level 7.1 Air Magic
   Level 7.1 Earth Magic
   Level 7.1 Poison Magic


You had 17 spell levels left.
You knew the following spells:

 Your Spells              Type           Power        Failure   Level  Hunger
a - Freeze                Ice            ####..       1%          1    None
b - Summon Demon          Summ           ####......   6%          5    #####..

Your spell library contained the following spells:

 Spells                   Type           Power        Failure   Level  Hunger
 Sting                    Conj/Pois      ####         1%          1    None
 Corpse Rot               Necr           N/A          1%          2    None
 Swiftness                Chrm/Air       ####....     1%          2    None
 Throw Frost              Conj/Ice       ####..       1%          2    None
 Beckoning                Tloc           ####......   1%          3    ##.....
 Ozocubu's Armour         Chrm/Ice       ####....     1%          3    ##.....
 Summon Ice Beast         Ice/Summ       ####....     3%          4    ####...
 Throw Icicle             Conj/Ice       ####....     3%          4    ####...


Dungeon Overview and Level Annotations

Branches:
Dungeon (8/12)             Temple (0/1) D:7
   Lair: D:7-9          Orc: D:8-11

Altars:
Cheibriados
Elyvilon
Hepliaklqana
Makhleb
Okawaru
Ru
Uskayaw

Shops:
D:4 (   D:6 [   D:7 *=!!:

Annotations:
D:2 Jessica


Innate Abilities, Weirdness & Mutations

You learn spells by gaining experience, not through books or religion.
You only train spellcasting to practice magic.
You have sharp fingernails.
You have very sharp teeth.
You have a pair of small horns on your head.
You are partially covered in iridescent scales. (AC +2)
You are partially covered in molten scales. (AC +2)
Your body sometimes deteriorates upon taking damage.
You have an increased reservoir of magic. (+10% MP)
You are robust. (+10% HP)


Message History

The two-headed ogre barely misses you.
You hit the two-headed ogre but do no damage.
The two-headed ogre is heavily wounded.
You are too injured to fight recklessly!
You hit the two-headed ogre.
The two-headed ogre is severely wounded.
The two-headed ogre hits you with a +0 giant club.
* * * LOW HITPOINT WARNING * * *
The two-headed ogre barely misses you.
You puncture the two-headed ogre!
You bite the two-headed ogre, but do no damage.
The two-headed ogre is severely wounded.
You hit the two-headed ogre.
Your headbutt misses the two-headed ogre.
You bite the two-headed ogre, but do no damage.
The two-headed ogre is almost dead.
The two-headed ogre hits you with a +0 giant club.
* * * LOW HITPOINT WARNING * * *
The two-headed ogre hits you with a +0 giant club!!
You die...

#. #.. #.( #...
#...# ##....####
#... #sO@# .
...##.### #.#
#.#..# # #...#...##
###.# #......##
###...#
#.....(%#####...###
#....###.......###
.....#......(.##
...8...8...8.##


You could see a two-headed ogre and a scorpion.

Vanquished Creatures
  A centaur zombie (D:8)
  Prince Ribbit (D:6)
  2 hippogriffs (D:7)
  Eustachio (D:5)
  2 hungry ghosts
  A water moccasin (D:6)
  Edmund (D:5)
  2 orc warriors
  A black bear (D:4)
  2 phantoms
  5 sky beasts
  An ogre (D:6)
  A centaur (D:7)
  4 big kobolds
  6 bullfrogs
  2 water moccasin skeletons (D:4)
  A scorpion (D:4)
  A killer bee (D:7)
  4 wights (D:6)
  A crimson imp (D:6)
  Crazy Yiuf (D:3)
  A quasit (D:7)
  6 hounds
  A bullfrog skeleton (D:4)
  3 orc priests
  8 orc wizards
  A centaur skeleton (D:7)
  A gnoll shaman (D:6)
  Ijyb (D:4)
  4 iguanas
  5 worker ants
  A hound zombie (D:5)
  A hound skeleton (D:6)
  A howler monkey skeleton (D:7)
  3 gnolls (D:6)
  4 adders
  2 shadow imps
  2 oozes (D:1)
  An adder zombie (D:5)
  2 adder skeletons
  2 worms (D:1)
  4 dart slugs
  A leopard gecko (D:4)
  21 orcs
  3 ball pythons
  5 bats
  2 giant cockroaches
  8 hobgoblins
  20 jackals
  21 kobolds
  A quokka (D:3)
  4 frilled lizards
  2 goblins
  A jackal skeleton (D:5)
  A rat (D:1)
185 creatures vanquished.

Vanquished Creatures (collateral kills)
  An ice beast (D:8)
  4 killer bees (D:7)
  2 orc priests (D:7)
  An orc wizard (D:8)
  An orc (D:7)
  5 jackals (D:7)
14 creatures vanquished.

Grand Total: 199 creatures vanquished

Notes
Turn   | Place    | Note
-------+----------+-------------------------------------------
     0 | D:1      | Ashen the Oni Ice Elementalist began the quest for the Orb.
     0 | D:1      | Reached XP level 1. HP: 14/14 MP: 4/4
     0 | D:1      | Noticed an orb of fire
     0 | D:1      | Noticed a shadow dragon
     2 | D:1      | Noticed a shadow dragon
     6 | D:1      | Noticed a shadow dragon
     7 | D:1      | Noticed a tentacled monstrosity
     8 | D:1      | Noticed a tentacled monstrosity
    10 | D:1      | Noticed a large abomination
    10 | D:1      | Noticed an iron dragon
    14 | D:1      | Noticed a tentacled monstrosity
    16 | D:1      | Noticed an ice dragon
    18 | D:1      | Noticed an iron dragon
    18 | D:1      | Noticed an ice dragon
    20 | D:1      | Noticed a large abomination
    98 | D:1      | Reached XP level 2. HP: 12/22 MP: 0/6
   783 | D:1      | Reached skill level 1 in Fighting
   902 | D:1      | Reached XP level 3. HP: 16/28 MP: 4/7
  2028 | D:2      | Gained mutation: Your system is resistant to poisons.
                  | (rPois) [potion of mutation]
  2028 | D:2      | Gained mutation: You are partially covered in iridescent
                  | scales. (AC +2) [potion of mutation]
  2028 | D:2      | Gained mutation: You are partially covered in molten
                  | scales. (AC +2) [potion of mutation]
  2157 | D:2      | Reached XP level 4. HP: 34/35 MP: 5/8
  2672 | D:2      | Noticed Jessica
  3271 | D:3      | Reached XP level 5. HP: 19/41 MP: 1/10
  3425 | D:3      | Found a burning altar of Makhleb.
  3458 | D:3      | Became a worshipper of Makhleb the Destroyer
  4155 | D:3      | Found a runed door.
  4281 | D:3      | Noticed Crazy Yiuf
  4289 | D:3      | Killed Crazy Yiuf
  4289 | D:3      | Reached XP level 6. HP: 35/50 MP: 5/11
  4669 | D:4      | Noticed a phantom
  4693 | D:4      | Killed a phantom
  4693 | D:4      | Reached XP level 7. HP: 47/57 MP: 13/13
  4839 | D:4      | Found Olafesch's Antique Weapon Shop.
  5523 | D:4      | Noticed Ijyb
  5553 | D:4      | Killed Ijyb
  5745 | D:4      | Reached XP level 8. HP: 47/66 MP: 15/15
  6220 | D:5      | Entered Level 5 of the Dungeon
  6229 | D:5      | Noticed Eustachio
  6536 | D:5      | Killed Eustachio
  6705 | D:5      | Found a hazy altar of Hepliaklqana.
  6706 | D:5      | Found a sacrificial altar of Ru.
  6734 | D:5      | Found a white marble altar of Elyvilon.
  6760 | D:5      | Noticed Edmund
  6776 | D:5      | Killed Edmund
  6976 | D:5      | Reached * piety under Makhleb
  7089 | D:5      | Found an iron altar of Okawaru.
  7241 | D:5      | Found a snail-covered altar of Cheibriados.
  7667 | D:5      | Found a hide-covered altar of Uskayaw.
  7749 | D:6      | Reached XP level 9. HP: 54/72 MP: 18/18
  7887 | D:6      | Reached skill level 5 in Stealth
  7891 | D:6      | Reached skill level 5 in Dodging
  7891 | D:6      | Reached skill level 5 in Spellcasting
  7905 | D:6      | Reached skill level 5 in Fighting
  8178 | D:6      | Noticed Prince Ribbit
  8188 | D:6      | Killed Prince Ribbit
  8246 | D:6      | Found Ageomet's Armour Shoppe.
  8274 | D:6      | Found an iron altar of Okawaru.
  8384 | D:6      | Got a smoking gossamer ring
  8385 | D:6      | Identified the ring of Propriety {Wiz +Blink rN+} (You
                  | found it on level 6 of the Dungeon)
  9018 | D:6      | Reached ** piety under Makhleb
  9866 | D:7      | Reached XP level 10. HP: 83/83 MP: 21/21
  9876 | D:7      | Learned a level 5 spell: Summon Demon
 10419 | D:7      | Found a staircase to the Ecumenical Temple.
 10451 | D:7      | Found Isusolen's Distillery.
 10455 | D:7      | Found Gokodosm's Distillery.
 10462 | D:7      | Bought a potion of resistance for 120 gold pieces
 10462 | D:7      | Bought a potion of heal wounds for 60 gold pieces
 10462 | D:7      | Bought a potion of curing for 36 gold pieces
 10462 | D:7      | Bought a potion of haste for 120 gold pieces
 10462 | D:7      | Bought a potion of curing for 36 gold pieces
 10462 | D:7      | Bought a potion of heal wounds for 60 gold pieces
 10462 | D:7      | Bought a potion of degeneration for 12 gold pieces
 10462 | D:7      | Bought a potion of lignification for 36 gold pieces
 10462 | D:7      | Lost mutation: Your system is resistant to poisons. (rPois)
                  | [potion of mutation]
 10462 | D:7      | Gained mutation: You are robust. (+10% HP) [potion of
                  | mutation]
 10462 | D:7      | Gained mutation: Your body sometimes deteriorates upon
                  | taking damage. [potion of mutation]
 10462 | D:7      | Gained mutation: You have an increased reservoir of magic.
                  | (+10% MP) [potion of mutation]
 10512 | D:7      | Reached *** piety under Makhleb
 10769 | D:7      | Found Dogamul's Jewellery Emporium.
 10778 | D:7      | Found Araud's Assorted Antiques.
 10814 | D:7      | Bought a scroll labeled CUTICZ HULUL for 29 gold pieces
 10816 | D:7      | Identified the +0 pair of boots "Irorphad" {rC+ Int+4 SInv}
                  | (You acquired it on level 7 of the Dungeon)
 10816 | D:7      | Identified the ring "Kehose" {rN+ Int+3} (You acquired it
                  | on level 7 of the Dungeon)
 10885 | D:7      | Found Rocaiti's Book Boutique.
 11039 | D:7      | Got a slimy dire flail
 11128 | D:8      | Reached skill level 1 in Short Blades
 11358 | D:8      | Noticed a two-headed ogre
 11390 | D:8      | Demolished by a two-headed ogre

Skill      XL: |  1  2  3  4  5  6  7  8  9 10 |
---------------+-------------------------------+-----
Dodging        | 2 3 4 6 |  6.8
Stealth        | 2 3 4 5 |  5.0
Fighting       | 1 2 3 4 6 7 |  7.0
Spellcasting   | 2 3 4 6 7 |  7.1
Short Blades   | 1 |  1.2
Conjurations   | |  7.1
Hexes          | |  7.1
Charms         | |  7.1
Summonings     | |  7.1
Necromancy     | |  7.1
Translocations | |  7.1
Transmutations | |  7.1
Fire Magic     | |  7.1
Ice Magic      | |  7.1
Air Magic      | |  7.1
Earth Magic    | |  7.1
Poison Magic   | |  7.1

Action                   |  1- 3 |  4- 6 |  7- 9 | 10-12 || total
-------------------------+-------+-------+-------+-------++-------
Melee: Unarmed           |   107 |    80 |    14 |       ||   201
       Headbutt          |    18 |    17 |    57 |    29 ||   121
       Bite              |    16 |     8 |    30 |    20 ||    74
       Quarterstaff      |       |    38 |   367 |   121 ||   526
       Quick blade       |       |       |       |   106 ||   106
 Cast: Freeze            |    41 |    57 |    32 |       ||   130
       Summon Demon      |       |       |       |     4 ||     4
 Abil: Evoke Blink       |       |       |     1 |       ||     1
  Use: Scroll            |     3 |     3 |       |     3 ||     9
       Potion            |     1 |       |       |     3 ||     4
 Stab: Sleeping          |     2 |     2 |     5 |       ||     9
       Confused          |       |       |     2 |       ||     2
       Paralysed         |       |       |     7 |       ||     7
       Petrified         |       |       |     3 |       ||     3
  Eat: Chunk             |     5 |     9 |    13 |    11 ||    38
       Ration            |       |       |     1 |     2 ||     3
Armor: Animal skin       |    31 |    11 |       |       ||    42
       Leather armour    |       |    55 |   265 |   143 ||   463
       Skin              |       |       |    16 |       ||    16
Dodge: Dodged            |    93 |    80 |   453 |   204 ||   830
